Map: Deathaura LE

Players

Kas

  • Race: Terran Terran
  • Spawn Location: 11:00

AqueroN - Winner!

  • Race: Terran Terran
  • League: Master
  • Spawn Location: 5:00

Event: DreamHack SC2 Masters 2020 Fall

VOD

Have the link to the VOD?

Description

Time

  • Played on: Aug. 27, 2020, 12:37 p.m.
  • Length: 23:04

All games in this series

Show
View Real Time Build Order
Export as new Build Order

Kas Terran 

Build Orders: Mech 

Get SALT Encoding   

  12  0:00  SCV  
  13  0:12  SCV  
  14  0:17  Supply Depot  
  14  0:24  SCV  
  15  0:29  Refinery  
  15  0:38  SCV  
  16  0:45  Barracks  
  16  0:50  SCV  
  16  0:55  Refinery  
  17  1:02  SCV  
  18  1:14  SCV  
  19  1:31  Orbital Command  
  19  1:33  Factory  
  19  1:34  Reaper  
  20  1:44  Supply Depot  
  20  1:57  SCV  
  21  2:06  Reaper  
  22  2:09  SCV  
  23  2:17  Hellion  
  23  2:21  SCV  
  26  2:26  Command Center  
  26  2:33  SCV  
  27  2:37  Supply Depot  
  27  2:40  Hellion  
  27  2:41  Reaper  
  30  2:46  SCV  
  31  2:58  Starport  
  31  2:59  SCV  
  31  3:03  Factory Tech Lab  
  32  3:11  SCV  
  33  3:14  Barracks Tech Lab  
  33  3:19  Refinery  
  33  3:23  SCV, Cyclone  
  37  3:41  Orbital Command  
  36  3:42  SCV  
  36  3:48  Raven  
  36  3:57  SCV  
  37  4:06  SCV  
  37  4:09  SCV  
  39  4:11  Command Center  
  39  4:19  SCV, Siege Tank  
  39  4:21  SCV  
  44  4:30  Supply Depot  
  44  4:31  SCV  
  45  4:33  SCV, Raven  
  43  4:52  SCV  
  42  4:53  SCV  
  42  4:58  Siege Tank  
  45  5:04  SCV  
  45  5:05  SCV  
  47  5:13  Barracks Reactor  
  47  5:14  Refinery  
  47  5:15  Raven  
  47  5:16  SCV  
  47  5:17  SCV  
  51  5:24  Orbital Command  
  52  5:28  SCV  
  52  5:29  SCV  
  52  5:30  Factory  
  52  5:33  Engineering Bay  
  53  5:40  SCV  
  53  5:41  SCV  
  52  5:51  SCV  
  52  5:52  SCV  
  52  5:55  SCV  
  55  5:57  Factory Tech Lab  
  55  6:04  SCV  
  55  6:08  SCV x2  
  55  6:11  Viking x2  
  61  6:16  SCV, Hellion  
  61  6:17  Orbital Command, Siege Tank  
  67  6:21  SCV  
  68  6:29  SCV  
  68  6:30  Barracks Reactor  
  69  6:35  SCV  
  69  6:38  Factory  
  70  6:40  Supply Depot, Hellion  
  70  6:41  SCV, Supply Depot, Infernal Pre-Igniter  
  70  6:43  SCV  
  70  6:46  Viking  
  76  6:49  SCV  
  77  6:58  Refinery  
  77  7:01  Viking, SCV x3  
  77  7:04  Siege Tank  
  77  7:07  Supply Depot  
  85  7:09  Supply Depot  
  85  7:11  Hellion x2  
  85  7:13  SCV x2  
  85  7:14  SCV  
  92  7:16  Refinery  
  92  7:23  Factory Tech Lab  
  92  7:25  SCV  
  92  7:28  Viking, SCV  
  96  7:31  Viking, Supply Depot  
  96  7:33  Hellion  
  96  7:35  SCV  
  101  7:38  SCV, Missile Turret  
  101  7:40  SCV, Siege Tank  
  106  7:44  Siege Tank  
  106  7:45  Missile Turret  
  106  7:50  Supply Depot  
  109  7:53  SCV  
  109  7:54  Armory  
  109  7:55  Armory  
  109  7:57  SCV  
  109  7:58  SCV  
  112  8:05  SCV  
  113  8:07  Viking  
  113  8:08  Viking  
  113  8:12  SCV x2  
  119  8:15  Supply Depot  
  119  8:16  Supply Depot  
  119  8:19  Siege Tank  
  122  8:23  Siege Tank  
  125  8:34  Command Center  
  125  8:37  SCV x3  
  125  8:38  Supply Depot  
  125  8:40  Supply Depot  
  126  8:54  SCV  
  125  8:58  Viking x2  
  126  9:07  SCV x2  
  126  9:08  Hellion x2, Siege Tank x2  
  134  9:10  SCV  
  134  9:12  Terran Vehicle Weapons Level 1  
  134  9:13  Supply Depot x2  
  134  9:16  Factory x2  
  135  9:19  SCV  
  135  9:21  SCV  
  137  9:28  Sensor Tower  
  137  9:31  Missile Turret  
  137  9:32  Liberator  
  137  9:33  Supply Depot, Missile Turret, Liberator  
  143  9:41  Hellion, Siege Tank x2  
  143  9:42  SCV x2, Hellion  
  155  9:46  SCV  
  155  9:50  Terran Vehicle And Ship Armor Level 1  
  157  9:54  SCV  
  157  9:56  Missile Turret  
  157  9:57  SCV  
  157  9:58  Missile Turret  
  159  10:03  Factory Reactor, Factory Tech Lab  
  158  10:08  SCV x2  
  158  10:09  SCV  
  161  10:20  Viking x2  
  165  10:25  Planetary Fortress  
  165  10:27  SCV x3  
  168  10:29  Refinery  
  168  10:31  Siege Tank x2  
  168  10:32  Hellion x2, Refinery  
  178  10:37  Sensor Tower  
  174  10:44  Siege Tank  
  174  10:45  Hellion x2  
  177  10:50  Missile Turret  
  177  10:51  SCV x2  
  177  10:53  Missile Turret  
  182  10:57  Viking x2  
  182  11:02  Starport  
  155  11:27  Viking x2  
  157  11:33  Siege Tank x2  
  160  11:41  SCV  
  160  11:45  SCV x2  
  160  11:50  Starport Reactor  
  160  11:53  Terran Ship Weapons Level 1  
  160  11:57  Liberator x2  
  160  11:58  Command Center  
  160  11:59  SCV, Command Center  
  160  12:01  SCV x2  
  166  12:02  Hellion x2  
  166  12:03  Command Center  
  170  12:09  Thor  
  170  12:10  Siege Tank  
  170  12:11  Hellion x2, Thor  
  189  12:15  Missile Turret  
  189  12:16  Missile Turret  
  189  12:21  Terran Vehicle Weapons Level 2  
  189  12:22  Supply Depot  
  189  12:29  Hellion x2  
  193  12:39  Hellion  
  193  12:42  Viking  
  193  12:43  Viking x2, Siege Tank  
  193  12:44  Viking, Hellion  
  171  12:51  Hellion  
  171  12:52  Siege Tank  
  174  12:59  Command Center  
  174  13:05  Siege Tank  
  174  13:09  Hellion  
  174  13:10  Hellion x2  
  174  13:12  Orbital Command, Liberator  
  186  13:13  Orbital Command  
  186  13:15  Siege Tank  
  189  13:23  Smart Servos  
  189  13:24  Drilling Claws, Siege Tank  
  192  13:27  Widow Mine  
  192  13:31  Widow Mine  
  196  13:37  Siege Tank  
  196  13:38  Missile Turret  
  199  13:52  Starport  
  199  13:53  Factory x2  
  199  13:54  Factory  
  199  13:55  Missile Turret  
  199  13:57  Missile Turret  
  199  13:59  Planetary Fortress  
  199  14:11  Sensor Tower  
  199  14:13  Missile Turret  
  199  14:14  Missile Turret, Refinery x2  
  199  14:15  Missile Turret  
  191  14:26  Terran Vehicle And Ship Armor Level 2  
  191  14:37  Terran Ship Weapons Level 2  
  187  14:58  Siege Tank x3  
  189  15:00  Starport Reactor  
  189  15:01  Factory Reactor, Factory Tech Lab x2  
  170  15:18  Orbital Command  
  170  15:19  Siege Tank x2  
  170  15:20  Hellion x4, Orbital Command  
  183  15:21  Viking  
  183  15:22  Viking  
  183  15:27  Missile Turret  
  183  15:28  Missile Turret  
  175  15:30  Siege Tank x2  
  175  15:32  Viking x2  
  179  15:37  Siege Tank  
  179  15:38  Orbital Command  
  179  15:39  Viking  
  179  15:40  Viking  
  186  15:49  Refinery, Sensor Tower  
  186  15:50  Missile Turret  
  186  15:51  Viking, Missile Turret, Siege Tank  
  186  15:53  Missile Turret  
  186  15:56  Refinery  
  191  15:59  Thor  
  196  16:15  Missile Turret  
  196  16:17  Missile Turret x2  
  191  16:36  Viking x2  
  195  16:42  Terran Vehicle Weapons Level 3  
  195  16:46  Siege Tank  
  198  17:05  Terran Vehicle And Ship Armor Level 3  
  198  17:08  Factory Tech Lab  
  195  17:20  Siege Tank x2  
  198  17:24  Missile Turret  
  198  17:26  Command Center  
  172  17:50  Viking x4  
  157  17:55  Siege Tank x2  
  157  17:57  Liberator x2  
  169  17:58  Thor  
  169  17:59  Thor x2  
  169  18:00  Hellion x4  
  195  18:05  Command Center  
  195  18:06  Command Center  
  195  18:11  Missile Turret  
  195  18:12  Missile Turret  
  195  18:27  Siege Tank  
  195  18:28  Hellion  
  200  18:52  Unknown  
  200  18:53  Unknown  
  200  18:54  Missile Turret x2  
  200  19:17  Planetary Fortress  
  200  19:19  Terran Ship Weapons Level 3  
  200  19:30  Orbital Command  
  200  19:31  Orbital Command  
  194  19:56  Thor  
  200  20:03  Starport x2  
  200  20:05  Starport  
  200  20:06  Starport  
  200  20:25  Missile Turret  
  192  20:42  Viking x4  
  167  20:43  Siege Tank x2  
  167  20:45  Thor, Siege Tank x2  
  167  20:46  Viking x2, Hellion x3  
  141  20:58  Viking x4  
  141  21:00  Hellion x3  
  152  21:09  Hellion x2  
  152  21:10  Hellion  
  152  21:12  Viking x3  
  152  21:15  Thor  
  152  21:16  Command Center  
  164  21:24  Viking x3  
  164  21:25  Siege Tank x3  
  163  21:28  Viking, Siege Tank  
  165  21:44  Viking x3  
  155  21:49  Viking x2  
  155  21:50  Viking  
  155  21:52  Hellion x2  
  155  21:53  Viking  
  155  21:54  Viking x2, Hellion  
  120  21:55  Hellion x3  
  120  21:57  Siege Tank x2  
  120  21:58  Viking, Siege Tank x2  
  120  22:01  Hellion  
  133  22:13  Hellion x2  
  131  22:16  Hellion x4  
  131  22:19  Viking  
  131  22:21  Viking x2  
  131  22:22  Hellion  
  113  22:23  Viking x2  
  113  22:24  Viking  
  111  22:30  Hellion  
  111  22:33  Viking  
  111  22:34  Hellion  
  111  22:35  Hellion  
Show
View Real Time Build Order
Export as new Build Order

AqueroN Terran - Winner!

Build Orders:  

Get SALT Encoding   

  12  0:00  SCV  
  13  0:12  SCV  
  14  0:17  Supply Depot  
  14  0:24  SCV  
  14  0:27  Refinery  
  15  0:38  SCV  
  16  0:44  Barracks  
  16  0:50  SCV  
  17  0:57  Refinery  
  17  1:02  SCV  
  18  1:14  SCV  
  19  1:31  Reaper, Orbital Command  
  20  1:35  Factory  
  20  1:45  Supply Depot  
  20  1:56  SCV  
  21  2:03  Reaper  
  22  2:08  SCV  
  23  2:19  Hellion  
  23  2:20  SCV  
  26  2:27  Command Center  
  26  2:32  SCV  
  26  2:35  Reaper  
  26  2:37  Supply Depot  
  28  2:41  Hellion  
  30  2:45  SCV  
  31  2:52  Starport  
  32  2:58  SCV  
  32  3:03  Factory Tech Lab  
  32  3:08  Barracks Reactor  
  32  3:10  SCV  
  33  3:20  Refinery  
  33  3:22  SCV, Cyclone  
  37  3:29  Starport Tech Lab  
  37  3:34  SCV  
  37  3:41  Orbital Command  
  38  3:46  SCV  
  39  3:49  Raven, Marine x2  
  43  3:59  SCV  
  43  4:00  Supply Depot  
  44  4:06  Siege Tank  
  44  4:07  SCV, Marine x2  
  50  4:11  SCV  
  51  4:18  Supply Depot  
  51  4:20  SCV  
  51  4:23  SCV  
  53  4:24  Marine x2  
  55  4:32  SCV, Raven  
  58  4:42  Marine x2  
  55  4:47  SCV  
  55  4:52  SCV  
  54  4:53  Siege Tank  
  54  4:58  Supply Depot  
  54  4:59  SCV  
  56  5:00  Marine x2  
  56  5:05  Command Center  
  58  5:07  SCV  
  58  5:11  SCV  
  58  5:13  Supply Depot  
  60  5:21  SCV  
  61  5:24  SCV  
  61  5:25  Engineering Bay x2  
  61  5:27  Viking x2  
  66  5:30  Siege Tank  
  66  5:33  SCV  
  70  5:37  SCV  
  71  5:43  Marine  
  71  5:45  SCV  
  71  5:47  Refinery  
  71  5:48  Supply Depot  
  73  5:54  Terran Infantry Weapons Level 1  
  73  5:57  Viking x2  
  73  5:59  SCV  
  73  6:00  SCV  
  73  6:01  Terran Infantry Armor Level 1  
  79  6:11  SCV  
  79  6:12  SCV  
  81  6:20  Orbital Command  
  81  6:22  Barracks, Siege Tank  
  81  6:23  Barracks  
  81  6:24  SCV x2  
  86  6:27  Supply Depot  
  86  6:30  Viking  
  88  6:34  Viking  
  88  6:37  SCV x2  
  88  6:38  Orbital Command  
  88  6:39  Stimpack  
  92  6:40  Marine  
  93  6:50  SCV x2  
  95  6:54  Siege Tank  
  95  6:56  Refinery  
  95  7:00  Viking, Refinery  
  100  7:04  Viking  
  100  7:05  SCV x3  
  100  7:08  Supply Depot  
  105  7:10  Supply Depot  
  105  7:11  Barracks Tech Lab  
  105  7:12  Barracks Reactor  
  105  7:13  Marine  
  106  7:19  SCV x3  
  109  7:28  Siege Tank  
  109  7:29  Supply Depot, Barracks  
  112  7:30  Viking, Marine, Barracks  
  112  7:33  Combat Shield  
  112  7:35  Marine  
  112  7:36  SCV  
  117  7:37  SCV  
  117  7:42  Viking, Supply Depot  
  120  7:46  SCV  
  120  7:48  SCV  
  120  7:49  SCV, Marauder  
  125  7:55  Armory  
  125  7:57  Marauder, Marine  
  125  7:58  Marine  
  129  7:59  SCV  
  129  8:00  SCV  
  129  8:03  Viking  
  133  8:10  Marauder, Siege Tank  
  138  8:18  Marauder  
  140  8:24  Barracks Reactor, Marine x2, Barracks Tech Lab  
  140  8:25  Command Center  
  140  8:26  Concussive Shells  
  141  8:31  SCV, Supply Depot x2  
  141  8:32  SCV x2, Supply Depot  
  144  8:35  Marauder  
  146  8:45  Siege Tank  
  149  8:58  Marauder x2  
  149  9:00  Marine x2  
  149  9:01  Marauder  
  151  9:08  Marine x2  
  151  9:09  Medivac x2, Terran Infantry Armor Level 2, Terran Infantry Weapons Level 2  
  149  9:13  SCV  
  149  9:14  SCV x2, Barracks  
  149  9:15  Barracks  
  152  9:17  Siege Tank  
  152  9:20  Marauder  
  152  9:22  Marauder, Marine x2  
  152  9:23  Marauder  
  160  9:25  SCV  
  160  9:26  SCV  
  162  9:32  Terran Ship Weapons Level 1  
  162  9:35  Starport  
  162  9:36  SCV, Starport  
  162  9:38  SCV  
  164  9:39  Planetary Fortress  
  164  9:44  Refinery  
  164  9:46  Medivac, Refinery  
  164  9:51  Medivac  
  168  9:54  Marine x4  
  175  10:00  Siege Tank  
  175  10:02  SCV x3  
  175  10:05  Barracks Tech Lab  
  175  10:06  Marauder  
  175  10:07  Marauder x2  
  184  10:14  Starport Reactor x2  
  184  10:15  Command Center, Barracks Tech Lab  
  184  10:18  Supply Depot  
  184  10:20  Supply Depot  
  183  10:33  Armory  
  183  10:34  Supply Depot  
  182  10:37  Command Center  
  178  10:44  Viking x2  
  157  11:13  Marauder x5, Marine x2  
  157  11:16  Siege Tank  
  144  11:22  Marine x2  
  144  11:25  SCV x4  
  124  11:33  Marine x2  
  124  11:34  Marauder x3  
  124  11:37  SCV x3  
  133  11:41  Marauder x2  
  133  11:42  SCV  
  133  11:45  Orbital Command  
  123  11:48  Viking x4  
  123  11:49  SCV x3  
  123  11:54  SCV  
  135  11:55  Marauder, Marine x4  
  135  11:57  Orbital Command  
  141  12:02  SCV x3  
  141  12:06  SCV  
  145  12:08  Medivac x2  
  145  12:14  SCV x2  
  145  12:15  Orbital Command  
  151  12:17  Marauder x2  
  151  12:18  Marauder  
  156  12:26  Marauder  
  156  12:29  SCV x4  
  162  12:30  SCV  
  162  12:35  Marauder  
  165  12:41  Marauder x2  
  160  12:48  Medivac x2  
  160  12:50  Marine x4  
  142  12:53  Terran Infantry Weapons Level 3, Terran Infantry Armor Level 3  
  142  12:54  Terran Ship Weapons Level 2  
  142  12:55  Terran Vehicle And Ship Armor Level 1  
  142  13:00  Viking x2  
  142  13:01  Viking  
  148  13:07  SCV x4  
  148  13:08  SCV x2  
  148  13:12  Marine x3  
  155  13:13  Marine  
  155  13:14  Sensor Tower  
  158  13:20  SCV x2  
  158  13:21  SCV x3  
  158  13:22  SCV  
  158  13:25  Marauder x2  
  158  13:26  Marauder x3  
  174  13:29  Siege Tank  
  177  13:36  Viking x3  
  183  13:42  Viking x2  
  183  13:47  Refinery  
  187  13:48  Refinery  
  187  13:49  Fusion Core  
  187  13:52  Viking  
  189  13:56  Marine x3  
  189  13:57  Marine  
  189  14:02  Marauder x3  
  199  14:05  Orbital Command  
  199  14:18  Starport  
  199  14:19  Starport  
  199  14:34  Refinery  
  199  14:35  Refinery  
  199  14:38  Advanced Ballistics  
  197  15:01  Viking  
  197  15:09  Viking  
  199  15:19  Starport Reactor x2  
  199  15:20  Command Center  
  193  15:22  Command Center  
  193  15:26  Barracks  
  193  15:28  Viking x4  
  185  15:29  Marine  
  185  15:30  Marine x3  
  185  15:31  Viking  
  185  15:34  Terran Ship Weapons Level 3, Terran Vehicle And Ship Armor Level 2  
  178  15:39  Viking  
  180  15:51  Marauder x4  
  180  15:53  Neosteel Armor  
  180  15:54  Hi-Sec Auto Tracking  
  188  15:58  Viking x3  
  194  16:08  Viking x3  
  194  16:10  Sensor Tower  
  195  16:18  Liberator  
  195  16:20  Liberator  
  199  16:31  Liberator  
  198  16:34  Liberator  
  200  16:44  Barracks Tech Lab  
  200  16:45  Orbital Command  
  200  17:04  Command Center  
  200  17:05  Command Center  
  200  17:14  Liberator x3  
  200  17:15  Liberator  
  197  17:25  Liberator  
  197  17:28  Planetary Fortress, Command Center  
  197  17:29  Command Center  
  198  17:40  Liberator x2, Siege Tank  
  198  17:41  Liberator  
  192  17:46  Viking  
  192  17:47  Viking  
  178  17:53  Marine x3  
  178  17:54  Marauder x2, Marine  
  178  17:55  Marauder x4  
  178  17:57  Viking  
  184  18:01  Viking x3  
  190  18:08  Medivac  
  190  18:12  Siege Tank  
  189  18:16  Medivac  
  189  18:17  Viking  
  195  18:23  Viking  
  195  18:24  Terran Vehicle And Ship Armor Level 3  
  195  18:25  Viking  
  199  18:33  Viking  
  190  18:45  Viking  
  190  18:46  Viking x4  
  192  18:54  Viking x3  
  192  18:55  Viking, Orbital Command  
  188  19:03  Viking  
  184  19:15  Viking  
  182  19:20  Viking x4  
  182  19:22  Orbital Command  
  190  19:30  Liberator x2  
  196  19:37  Medivac x2  
  197  19:46  Liberator  
  200  19:59  Unknown  
  200  20:00  Unknown  
  194  20:07  Viking x3  
  193  20:25  Viking x3, Orbital Command  
  188  20:37  Viking  
  188  20:38  Viking, Liberator  
  188  20:39  Liberator x2  
  184  20:43  Liberator  
  184  20:44  Liberator  
  178  20:50  Marauder x3  
  178  20:51  Marauder x2  
  178  20:54  Marine x2  
  178  20:55  Liberator  
  189  21:10  Refinery  
  189  21:12  Viking x2  
  186  21:18  Medivac x2  
  186  21:20  Marine x4  
  186  21:21  Marauder x2  
  193  21:37  Viking  
  193  21:38  Viking  
  182  21:51  Marine x4  
  182  21:52  Viking x2, Marine x2  
  183  21:57  Marauder x4  
  183  22:01  Viking x3  
  183  22:12  Viking x2  
  163  22:18  Viking  
  163  22:19  Marine  
  163  22:20  Marine, Siege Tank  
  163  22:21  Marauder  
  163  22:22  Marine  
  133  22:26  Orbital Command  
  128  22:31  Marauder  
  128  22:32  Marauder, Marine x3  
  131  22:41  Marine x2  

Tags
 
Add a new tag
Caveats
  • Supply blocks, unpowered buildings, or Contaminate may cause inaccurate times.
  • Supply counts are checked every 10 seconds.